[Event "ICCopen2017"]
[Site "Internet Chess Club"]
[Date "2017.03.25"]
[Round "7"]
[White "Zephyr"]
[Black "skewerd"]
[Result "0-1"]
[ICCResult "White resigns"]
[WhiteElo "1519"]
[BlackElo "1867"]
[Opening "Benoni: classical with e4 and Nf3"]
[ECO "A70"]
[NIC "BI.38"]
[Time "15:17:14"]
[TimeControl "180+0"]

1. d4 Nf6 2. c4 c5 3. d5 e6 4. Nc3 exd5 5. cxd5 d6 6. e4 g6 7. Nf3 a6 8. a4
Bg4 9. Be2 Bg7 10. Bf4 O-O 11. Nd2 Bxe2 12. Qxe2 Nh5 13. Bg3 Nxg3 14. hxg3
Nd7 15. f4 Re8 16. O-O-O b5 17. Rh3 b4 18. Ncb1 Nb6 19. b3 Nxd5 20. Rdh1 Qf6
21. Nc4 Nc3 22. Nxc3 Qxc3+ 23. Qc2 Rxe4 24. g4 Re1+ {White resigns} 0-1

[Event "ICCopen2017"]
[Site "Internet Chess Club"]
[Date "2017.03.25"]
[Round "7"]
[White "KoolMan"]
[Black "fearlessone"]
[Result "1-0"]
[ICCResult "Black forfeits on time"]
[WhiteElo "2027"]
[BlackElo "1671"]
[Opening "King's pawn opening"]
[ECO "B07"]
[NIC "VO.17"]
[Time "15:16:00"]
[TimeControl "180+0"]

1. e4 d6 2. d4 Nd7 3. Nc3 e6 4. f4 Ne7 5. Nf3 g6 6. Be2 Bg7 7. O-O O-O 8.
Be3 b6 9. Qd2 Bb7 10. Rae1 Nf6 11. Bd3 Ng4 12. Nd1 a6 13. h3 Nxe3 14. Nxe3
c5 15. c3 b5 16. f5 exf5 17. exf5 cxd4 18. Nxd4 Nc6 19. Nxc6 Bxc6 20. Ng4 h5
21. Nh6+ Kh7 22. Nxf7 Rxf7 23. fxg6+ Kh8 24. gxf7 Qb6+ 25. Kh1 Rf8 26. Rf6
{Black forfeits on time}
1-0

[Event "ICCopen2017"]
[Site "Internet Chess Club"]
[Date "2017.03.25"]
[Round "7"]
[White "Dodgy"]
[Black "Unico"]
[Result "0-1"]
[ICCResult "White resigns"]
[WhiteElo "1983"]
[BlackElo "2495"]
[Opening "Modern defense"]
[ECO "A40"]
[NIC "QO.17"]
[Time "15:16:47"]
[TimeControl "180+0"]

1. d4 g6 2. c4 Bg7 3. Nf3 d6 4. g3 Bg4 5. Bg2 Nd7 6. h3 Bxf3 7. Bxf3 c6 8.
Nc3 Ngf6 9. h4 h6 10. e4 c5 11. Be3 O-O 12. Qd2 cxd4 13. Bxd4 Ne5 14. Be2
Rc8 15. b3 Nc6 16. Be3 Nxe4 17. Nxe4 Bxa1 18. Bxh6 Bg7 19. h5 Qa5 20. hxg6
Qxd2+ 21. Kxd2 Bxh6+ 22. Rxh6 Kg7 23. Rh4 Rh8 24. Rg4 f5 {White resigns} 0-1

[Event "ICCopen2017"]
[Site "Internet Chess Club"]
[Date "2017.03.25"]
[Round "7"]
[White "motipen"]
[Black "manusupergm2001"]
[Result "0-1"]
[ICCResult "White resigns"]
[WhiteElo "1806"]
[BlackElo "2161"]
[Opening "Catalan: closed, 5.Nf3"]
[ECO "E06"]
[NIC "CA.04"]
[Time "15:17:22"]
[TimeControl "180+0"]

1. d4 d5 2. c4 e6 3. Nf3 Nf6 4. g3 Be7 5. Bg2 O-O 6. O-O c6 7. Nbd2 b6 8.
Qc2 Bb7 9. e4 c5 10. cxd5 exd5 11. e5 Ne4 12. dxc5 Nxc5 13. Nd4 Nbd7 14. f4
Ba6 15. Re1 Nd3 16. Re3 Rc8 17. Qd1 N7c5 18. N2b3 Nxb3 19. Nxb3 Nb4 20. a3
Nc2 21. Bxd5 Nxa1 22. Nxa1 Bc4 {White resigns} 0-1

[Event "ICCopen2017"]
[Site "Internet Chess Club"]
[Date "2017.03.25"]
[Round "7"]
[White "PITCHUS"]
[Black "centralsquare"]
[Result "0-1"]
[ICCResult "White checkmated"]
[WhiteElo "1778"]
[BlackElo "1471"]
[Opening "Réti opening"]
[ECO "A04"]
[NIC "QP.10"]
[Time "15:17:16"]
[TimeControl "180+0"]

1. Nf3 c5 2. g3 Nc6 3. Bg2 e5 4. d3 d5 5. O-O Nf6 6. c4 d4 7. a3 Be7 8. b4
b6 9. Nxe5 Nxe5 10. Bxa8 Bh3 11. Bg2 Bxg2 12. Kxg2 O-O 13. f3 Qa8 14. Nd2
Nfg4 15. Ne4 Ne3+ 16. Bxe3 dxe3 17. bxc5 f5 18. Nd6 bxc5 19. Nb5 a6 20. Nc3
Rd8 21. Nd5 Bg5 22. Rb1 f4 23. g4 Qc6 24. Rb6 Qd7 25. h3 h5 26. gxh5 Qf5 27.
Rg1 Bh4 28. Kh1 Qxh3# {White checkmated} 0-1

[Event "ICCopen2017"]
[Site "Internet Chess Club"]
[Date "2017.03.25"]
[Round "7"]
[White "pehuensur"]
[Black "ALexiz"]
[Result "0-1"]
[ICCResult "White resigns"]
[WhiteElo "1451"]
[BlackElo "1616"]
[Opening "Sicilian: Najdorf, 7.f4"]
[ECO "B96"]
[NIC "SI.04"]
[Time "15:16:08"]
[TimeControl "180+0"]

1. e4 c5 2. Nf3 d6 3. d4 cxd4 4. Nxd4 Nf6 5. Nc3 a6 6. Bg5 e6 7. f4 h6 8.
Bh4 Qb6 9. Qd3 Qxb2 10. Rb1 Qa3 11. Bxf6 gxf6 12. Be2 h5 13. O-O Be7 14. Rb3
Qc5 15. Kh1 Nd7 16. f5 Ne5 17. Qd2 b5 18. fxe6 fxe6 19. Ndxb5 axb5 20. Rxb5
Qc6 21. Rb3 Bd7 22. Bb5 Qc7 23. Bxd7+ Qxd7 24. Rfb1 Kf7 25. Ne2 Qc6 26. Ng3
h4 27. Rb6 Qc4 28. Ne2 Qxe4 29. Nc3 Qg4 30. Rb7 h3 31. Rc7 hxg2+ 32. Kg1
Nf3+ {White resigns} 0-1

[Event "ICCopen2017"]
[Site "Internet Chess Club"]
[Date "2017.03.25"]
[Round "7"]
[White "grels"]
[Black "Barbos"]
[Result "0-1"]
[ICCResult "White resigns"]
[WhiteElo "1730"]
[BlackElo "2429"]
[Opening "English opening"]
[ECO "A13"]
[NIC "EO.64"]
[Time "15:15:45"]
[TimeControl "180+0"]

1. c4 e6 2. Nc3 d5 3. e3 Nf6 4. d4 c5 5. Nf3 Nc6 6. a3 a6 7. dxc5 Bxc5 8. b4
Ba7 9. Bb2 O-O 10. Qc2 d4 11. exd4 Nxd4 12. Nxd4 Bxd4 13. Rd1 e5 14. Bd3 Be6
15. O-O Rc8 16. c5 b6 17. Bxa6 bxc5 18. Bxc8 Qxc8 19. bxc5 Qxc5 20. Rc1 Rc8
21. Qd2 Rd8 22. Qe1 Bc4 23. Na4 Qb5 24. Bxd4 exd4 25. Qd1 Bxf1 26. Rc5 Qa6
27. Rc7 Be2 28. Qb3 Bc4 29. Qf3 Qxa4 30. g4 h6 31. g5 hxg5 32. Qh5 Nxh5
{White resigns}
0-1

[Event "ICCopen2017"]
[Site "Internet Chess Club"]
[Date "2017.03.25"]
[Round "7"]
[White "minke"]
[Black "sloeber84"]
[Result "0-1"]
[ICCResult "White resigns"]
[WhiteElo "1731"]
[BlackElo "1930"]
[Opening "Sicilian: accelerated fianchetto, modern variation with Bc4"]
[ECO "B35"]
[NIC "SI.33"]
[Time "15:17:12"]
[TimeControl "180+0"]

1. e4 c5 2. Nf3 Nc6 3. d4 cxd4 4. Nxd4 g6 5. Nc3 Bg7 6. Be3 Nf6 7. Bc4 O-O
8. Bb3 a5 9. a4 Ng4 10. Qxg4 Nxd4 11. O-O-O Nxb3+ 12. cxb3 d6 13. Qe2 Be6
14. Nd5 Rc8+ 15. Kb1 f5 16. Bb6 Qd7 17. Rc1 fxe4 18. Rc7 Rxc7 19. Nxc7 Bf5
20. Ka1 Qc6 21. Bxa5 b6 22. Qb5 Qxb5 23. Nxb5 bxa5 24. Rc1 Rc8 25. Nc7 Bh6
26. Rc3 Bg7 27. Rc4 d5 28. Nxd5 Rxc4 29. bxc4 Kf7 30. Kb1 e3+ 31. Kc1 exf2
32. Ne3 Bh6 {White resigns} 0-1

[Event "ICCopen2017"]
[Site "Internet Chess Club"]
[Date "2017.03.25"]
[Round "7"]
[White "TZ700A"]
[Black "arbuzio"]
[Result "0-1"]
[ICCResult "White checkmated"]
[WhiteElo "1310"]
[BlackElo "1603"]
[Opening "Philidor's defense"]
[ECO "C41"]
[NIC "KP.10"]
[Time "15:16:28"]
[TimeControl "180+0"]

1. e4 e5 2. Nf3 d6 3. Bc4 a6 4. O-O Nc6 5. Nc3 f5 6. Re1 f4 7. d4 Bg4 8.
dxe5 Nxe5 9. Be2 Nxf3+ 10. Bxf3 Bxf3 11. Qxf3 Qd7 12. Bxf4 O-O-O 13. Nd5 Nf6
14. c4 Kb8 15. b4 Nxd5 16. exd5 h6 17. Be3 g5 18. c5 Bg7 19. Rab1 dxc5 20.
bxc5 Qxd5 21. Qg4 Bd4 22. Bxd4 Qxd4 23. Qf3 Qd5 24. Qc3 c6 25. Rb6 Rd7 26.
Qa3 Kc8 27. Reb1 Qd1+ 28. Rxd1 Rxd1# {White checkmated} 0-1

[Event "ICCopen2017"]
[Site "Internet Chess Club"]
[Date "2017.03.25"]
[Round "7"]
[White "julkat-ch"]
[Black "Hashimof"]
[Result "1-0"]
[ICCResult "Black resigns"]
[WhiteElo "1854"]
[BlackElo "1923"]
[Opening "Alekhine's defense: Sämisch attack"]
[ECO "B02"]
[NIC "AL.10"]
[Time "15:15:49"]
[TimeControl "180+0"]

1. e4 Nf6 2. e5 Nd5 3. Nc3 e6 4. Nxd5 exd5 5. Qf3 c6 6. Qg3 d6 7. f4 Bf5 8.
c3 dxe5 9. fxe5 Bg6 10. Nf3 Be7 11. d4 Na6 12. Be2 Nc7 13. O-O Ne6 14. h3
O-O 15. Be3 b6 16. b4 a5 17. a3 Qc7 18. Ng5 Nxg5 19. Bxg5 Bxg5 20. Qxg5 h6
21. Qg4 c5 22. Bf3 cxd4 23. cxd4 Rad8 24. Rac1 Qd7 25. Qxd7 Rxd7 26. Rc6
axb4 27. axb4 Rb8 28. Ra1 Be4 29. Kf2 b5 30. Bxe4 dxe4 31. Ke3 Rbd8 32. Rd1
Ra7 33. Kxe4 Ra4 34. d5 Rxb4+ 35. Rd4 Rb2 36. d6 Re2+ 37. Kd5 Re8 38. d7
R2xe5+ 39. Kd6 R5e6+ 40. Kc7 R6e7 41. Rb6 Rf8 42. Rb8 Rxb8 43. Kxb8 f5 44.
d8=Q+ Kf7 45. Rd7 Rxd7 46. Qxd7+ Kf6 47. Qxb5 g5 48. Qe2 f4 49. Kc7 Kf5 50.
Kd6 h5 51. Qxh5 f3 52. Qxf3+ {Black resigns} 1-0

[Event "ICCopen2017"]
[Site "Internet Chess Club"]
[Date "2017.03.25"]
[Round "7"]
[White "Bojack"]
[Black "ArchieGoodwin"]
[Result "1-0"]
[ICCResult "Black resigns"]
[WhiteElo "2011"]
[BlackElo "2558"]
[Opening "Ponziani: Jaenisch counter-attack"]
[ECO "C44"]
[NIC "KP.05"]
[Time "15:17:01"]
[TimeControl "180+0"]

1. e4 e5 2. Nf3 Nc6 3. c3 Nf6 4. d4 Nxe4 5. d5 Nb8 6. Bd3 Nc5 7. Nxe5 Nxd3+
8. Nxd3 Be7 9. O-O O-O 10. c4 d6 11. Nc3 Bf5 12. Qf3 Bg6 13. Nf4 Nd7 14.
Nxg6 hxg6 15. Bf4 Bf6 16. Rfe1 Bxc3 17. Qxc3 Qf6 18. Qxf6 gxf6 19. Re7 Rad8
20. Rae1 Kg7 21. b4 g5 22. Bg3 b6 23. f4 Kg6 24. a3 Rh8 25. Rf1 Rhe8 26.
Rfe1 Rxe7 27. Rxe7 g4 28. Kf2 f5 29. Bh4 a5 30. Rxf7 Kxf7 31. Bxd8 axb4 32.
axb4 b5 33. cxb5 Nb6 34. Bxc7 Nxd5 35. b6 {Black resigns} 1-0

[Event "ICCopen2017"]
[Site "Internet Chess Club"]
[Date "2017.03.25"]
[Round "7"]
[White "bobbyforever"]
[Black "uncledougie"]
[Result "0-1"]
[ICCResult "White checkmated"]
[WhiteElo "1546"]
[BlackElo "1915"]
[Opening "Sicilian: dragon variation"]
[ECO "B70"]
[NIC "SI.15"]
[Time "15:17:19"]
[TimeControl "180+0"]

1. e4 c5 2. Nf3 d6 3. d4 cxd4 4. Nxd4 Nf6 5. Nc3 g6 6. Bg5 Bg7 7. Bb5+ Bd7
8. Qe2 O-O 9. O-O-O a6 10. Bxd7 Nbxd7 11. h4 Rc8 12. h5 Rxc3 13. bxc3 Qa5
14. Kd2 Nc5 15. f3 Na4 16. Qd3 Rc8 17. Ne2 Qxg5+ 18. f4 Qxg2 19. hxg6 hxg6
20. Ke3 Nc5 21. Rc1 Nxd3 22. cxd3 Ng4+ 23. Kd2 Qf2 24. d4 Qe3+ 25. Kd1 Nf2+
26. Ke1 Nxh1 27. Rd1 Rxc3 28. d5 Ng3 29. e5 Qxe2# {White checkmated} 0-1

[Event "ICCopen2017"]
[Site "Internet Chess Club"]
[Date "2017.03.25"]
[Round "7"]
[White "Nakia"]
[Black "Rammstein"]
[Result "0-1"]
[ICCResult "White forfeits on time"]
[WhiteElo "1735"]
[BlackElo "2056"]
[Opening "Queen's pawn game"]
[ECO "D05"]
[NIC "QP.06"]
[Time "15:15:46"]
[TimeControl "180+0"]

1. d4 Nf6 2. Nf3 e6 3. e3 d5 4. Bd3 c6 5. a3 Bd6 6. b3 Nbd7 7. Bb2 O-O 8.
O-O Ne4 9. Nbd2 f5 10. Qe2 Qf6 11. c4 g5 12. Ne1 Qh6 13. g3 g4 14. Ng2 Ndf6
15. c5 Bc7 16. Nf4 Bd7 17. b4 a6 18. f3 gxf3 19. Nxf3 Ng4 20. Bxe4 fxe4 21.
Ne5 Bxe5 22. dxe5 Qg5 23. Rae1 Nxe5 24. Bxe5 Qxe5 25. Nh5 Qg5 26. h4 Qg6 27.
Kh2 e5 28. Qg2 Qxh5 29. Rxf8+ Rxf8 30. Rf1 Rf3 31. Rg1 Qf7 32. g4 Rf2 33. g5
Rxg2+ 34. Rxg2 Qf3 35. g6 hxg6 36. Rxg6+ Kh7 37. Rg2 Qxe3 38. h5 Qf4+
{White forfeits on time}
0-1

[Event "ICCopen2017"]
[Site "Internet Chess Club"]
[Date "2017.03.25"]
[Round "7"]
[White "RnZ"]
[Black "kamalchandran"]
[Result "0-1"]
[ICCResult "White resigns"]
[WhiteElo "1990"]
[BlackElo "1806"]
[Opening "Réti: King's Indian attack"]
[ECO "A05"]
[NIC "QP.11"]
[Time "15:16:14"]
[TimeControl "180+0"]

1. Nf3 Nf6 2. g3 g6 3. Bg2 Bg7 4. Nc3 O-O 5. O-O d6 6. d3 Nc6 7. b3 Bd7 8.
Bb2 a6 9. e4 e5 10. Rb1 Qe7 11. Ne2 Nh5 12. Nd2 f5 13. exf5 gxf5 14. f4 exf4
15. Bxg7 Qxg7 16. Nxf4 Nxf4 17. Rxf4 Rae8 18. Kh1 Re3 19. Nc4 Re7 20. Qf1
Rfe8 21. Bh3 Nd4 22. Qf2 Ne2 23. Rf3 Bc6 24. Bg2 Bxf3 25. Bxf3 Nd4 26. Rf1
c6 27. Bd1 Qh6 28. Nxd6 Qxd6 29. c3 Qd5+ 30. Kg1 Re2 31. Bxe2 Nxe2+ 32. Qxe2
Rxe2 33. Rf2 Re1+ 34. Rf1 Rxf1+ 35. Kxf1 Qh1+ 36. Kf2 Qxh2+ 37. Kf3 Qxa2
{White resigns}
0-1

[Event "ICCopen2017"]
[Site "Internet Chess Club"]
[Date "2017.03.25"]
[Round "7"]
[White "tigerr"]
[Black "octavia"]
[Result "0-1"]
[ICCResult "White checkmated"]
[WhiteElo "1972"]
[BlackElo "2252"]
[Opening "Ruy Lopez: closed"]
[ECO "C90"]
[NIC "RL.19"]
[Time "15:16:10"]
[TimeControl "180+0"]

1. e4 e5 2. Nf3 Nc6 3. Bb5 a6 4. Ba4 Nf6 5. O-O Be7 6. Re1 b5 7. Bb3 d6 8.
d3 O-O 9. a3 Na5 10. Ba2 c5 11. b4 Nc6 12. c3 Be6 13. Bg5 Bxa2 14. Rxa2 Re8
15. Nbd2 Qd7 16. Qb3 h6 17. Bxf6 Bxf6 18. Rea1 Rad8 19. a4 cxb4 20. cxb4 d5
21. axb5 axb5 22. Ra6 Be7 23. exd5 Nxb4 24. Rb6 Bc5 25. Rba6 Nxa6 26. Rxa6
Qxd5 27. Qxd5 Rxd5 28. Kf1 Rxd3 29. Ke2 Rd5 30. Ra5 Bb4 31. Ra7 e4 32. Nf1
exf3+ 33. Kxf3 Rf5+ 34. Kg3 Bd6+ 35. Kh3 Rxf2 36. Ng3 Re3 37. Ra8+ Kh7 38.
Rd8 Bxg3 39. hxg3 Rc2 40. Rd7 f6 41. Rb7 Rb2 42. Kg4 Rbb3 43. Kf4 Rxg3 44.
Rb6 Rxg2 45. Rb7 b4 46. Ke4 Rbb2 47. Kf3 b3 48. Rb5 Rgc2 49. Ke3 Rb1 50. Kd3
Rcc1 51. Kd2 Rc2+ 52. Kd3 Rc6 53. Kd4 b2 54. Kd5 Rc8 55. Ke6 Re1+ 56. Kf7
b1=Q 57. Rb7 Qxb7# {White checkmated} 0-1

[Event "ICCopen2017"]
[Site "Internet Chess Club"]
[Date "2017.03.25"]
[Round "7"]
[White "Gruble"]
[Black "mkayem1"]
[Result "0-1"]
[ICCResult "White resigns"]
[WhiteElo "1716"]
[BlackElo "2039"]
[Opening "Scandinavian: Pytel-Wade variation"]
[ECO "B01"]
[NIC "SD.02"]
[Time "15:16:15"]
[TimeControl "180+0"]

1. e4 d5 2. exd5 Qxd5 3. Nc3 Qd6 4. d4 Nf6 5. Nf3 a6 6. Be2 Nbd7 7. Be3 e6
8. Qd2 Be7 9. O-O-O O-O 10. h3 b5 11. g4 b4 12. Na4 Qc6 13. b3 Rb8 14. g5
Ne4 15. Qd3 a5 16. d5 exd5 17. Qxd5 Qxd5 18. Rxd5 c5 19. Rhd1 Nb6 20. Nxb6
Rxb6 21. Re5 Re6 22. Bc4 Nc3 23. Bxe6 Bxe6 24. Rd2 Nxa2+ 25. Kb2 Nc3 26.
Bxc5 Bxc5 27. Rxc5 a4 28. Rxc3 bxc3+ 29. Kxc3 a3 30. Rd1 Rc8+ 31. Kb4 a2 32.
Ra1 Rxc2 33. Nd4 Rxf2 34. Nxe6 fxe6 35. Kc3 e5 36. b4 Kf7 37. b5 Ke7 38. Kb3
e4 39. Rxa2 Rxa2 40. Kxa2 e3 41. Kb2 e2 42. Kc2 e1=Q 43. Kb3 Kd6 {White
resigns} 0-1

[Event "ICCopen2017"]
[Site "Internet Chess Club"]
[Date "2017.03.25"]
[Round "7"]
[White "AAlekin28"]
[Black "TerryR"]
[Result "1-0"]
[ICCResult "Black resigns"]
[WhiteElo "2614"]
[BlackElo "2270"]
[Opening "French: Tarrasch"]
[ECO "C03"]
[NIC "FR.14"]
[Time "15:16:14"]
[TimeControl "180+0"]

1. e4 e6 2. d4 d5 3. Nd2 Be7 4. Ngf3 Nf6 5. exd5 exd5 6. Bd3 O-O 7. O-O Bg4
8. h3 Bh5 9. Re1 c6 10. c3 Nbd7 11. Qb3 Rb8 12. Ne5 Nxe5 13. dxe5 Nd7 14.
Qc2 Bg6 15. Bxg6 fxg6 16. Nf3 Nc5 17. Be3 a6 18. Rad1 b5 19. b3 Qc8 20. c4
dxc4 21. bxc4 Ne6 22. Re2 Rd8 23. Red2 Rxd2 24. Rxd2 Qe8 25. Qe4 Rd8 26. Nd4
Nxd4 27. Rxd4 Rxd4 28. Bxd4 Qd7 29. e6 Qd6 30. c5 Qc7 31. Be5 Qc8 32. Bd6
Bf6 33. g4 Qe8 34. f4 g5 35. f5 h5 36. Kg2 Kh7 37. Be5 Qe7 38. Bxf6 Qxf6 39.
e7 Qb2+ 40. Kf3 Qc3+ 41. Qe3 Qc4 42. e8=Q Qf1+ 43. Kg3 {Black resigns} 1-0

[Event "ICCopen2017"]
[Site "Internet Chess Club"]
[Date "2017.03.25"]
[Round "7"]
[White "jefferyx"]
[Black "BlackHorse96"]
[Result "1-0"]
[ICCResult "Black resigns"]
[WhiteElo "2778"]
[BlackElo "3045"]
[Opening "Robatsch (modern) defense"]
[ECO "A40"]
[NIC "KF.05"]
[Time "15:15:52"]
[TimeControl "180+0"]

1. d4 g6 2. e4 Bg7 3. Nf3 d6 4. Bd3 Nd7 5. O-O Ngf6 6. c3 O-O 7. Re1 e5 8.
Na3 b6 9. Nc2 Bb7 10. a4 a6 11. h3 Re8 12. a5 b5 13. d5 Nc5 14. Nb4 Nxd3 15.
Qxd3 Qd7 16. c4 c5 17. dxc6 Bxc6 18. Bg5 bxc4 19. Qxc4 Bb5 20. Qa2 Rab8 21.
Rad1 Qe6 22. Qa3 Bc4 23. Nd2 Bb5 24. Nb1 h6 25. Bxf6 Bxf6 26. Nc3 Bc4 27.
Ncd5 Bd8 28. Rc1 Bb5 29. Red1 Rc8 30. Nc3 Bg5 31. Rc2 Bc4 32. Nbd5 Bxd5 33.
Rxd5 Rc6 34. Re2 Rb8 35. Re1 Kg7 36. Red1 Be7 37. R1d2 Rc4 38. Qa2 Rcb4 39.
Qa1 Qc8 40. R5d3 Bg5 41. Re2 Qc7 42. Nd5 Qc4 43. Nxb4 Rxb4 44. Qd1 Qb5 45.
Rd5 Qb8 46. Rxd6 Rc4 47. Kh2 Rc1 48. Qd5 Qe8 49. g3 h5 50. h4 Bf6 51. Qd2
Qc8 52. b4 Rb1 53. Qc2 Qxc2 54. Rxc2 Rxb4 55. Rxa6 Be7 56. Ra7 Bf8 57. Rcc7
Bd6 58. Rxf7+ Kg8 59. Rg7+ Kf8 60. Rxg6 Ke8 61. Rxd6 {Black resigns} 1-0

[Event "ICCopen2017"]
[Site "Internet Chess Club"]
[Date "2017.03.25"]
[Round "7"]
[White "Soulbrother"]
[Black "HangMySack"]
[Result "0-1"]
[ICCResult "White resigns"]
[WhiteElo "1411"]
[BlackElo "1713"]
[Opening "Caro-Kann: advance variation"]
[ECO "B12"]
[NIC "CK.04"]
[Time "15:16:45"]
[TimeControl "180+0"]

1. e4 c6 2. d4 d5 3. e5 Bf5 4. Nf3 e6 5. Be3 Qb6 6. b3 Nd7 7. Nc3 Bb4 8. Bd2
Qa5 9. a3 Bxc3 10. Bxc3 Qxc3+ 11. Nd2 Bxc2 12. Qc1 Qxd4 13. Be2 Qxe5 14. Nf3
Qe4 15. Nd2 Qg6 16. O-O Ngf6 17. Nf3 Bd3 18. Bxd3 Qxd3 19. Re1 O-O 20. Ne5
Nxe5 21. Rxe5 Ne4 22. Qe1 Qd4 23. Rh5 g6 24. Rh4 f5 25. Rd1 Qb6 26. Rf4 e5
27. Rh4 Kg7 28. Kh1 Nxf2+ 29. Kg1 Nxd1+ 30. Kh1 Nf2+ 31. Kg1 Ng4+ 32. Kh1
Nf2+ 33. Kg1 Nh3+ 34. Kh1 Qf2 35. Qxf2 Nxf2+ 36. Kg1 {White resigns} 0-1

[Event "ICCopen2017"]
[Site "Internet Chess Club"]
[Date "2017.03.25"]
[Round "7"]
[White "checkmatiste"]
[Black "vicmel"]
[Result "0-1"]
[ICCResult "White checkmated"]
[WhiteElo "1575"]
[BlackElo "1826"]
[Opening "Queen's bishop game"]
[ECO "D00"]
[NIC "QP.08"]
[Time "15:15:46"]
[TimeControl "180+0"]

1. d4 d5 2. Bf4 Nf6 3. Nf3 g6 4. e3 Bg7 5. Be2 O-O 6. O-O Nh5 7. Bg5 h6 8.
Bh4 Nf6 9. Nbd2 c6 10. h3 Qb6 11. Rb1 a5 12. Bg3 Bf5 13. Nb3 Nbd7 14. Ne5 a4
15. Nxd7 Nxd7 16. Nd2 Rfd8 17. Bd3 Bxd3 18. cxd3 c5 19. dxc5 Nxc5 20. Nf3
Qb5 21. d4 Ne4 22. Bh2 Rdc8 23. Nd2 Nxd2 24. Qxd2 Rc6 25. Rfc1 Rac8 26. Rxc6
Qxc6 27. Bg3 Qc2 28. Rd1 Qxd2 29. Rxd2 Rc1+ 30. Kh2 Kf8 31. Bb8 Ke8 32. Ba7
Kd7 33. Bc5 e6 34. Kg3 Kc6 35. Kf3 b6 36. Bb4 e5 37. Bc3 exd4 38. Bxd4 Bxd4
39. exd4 b5 40. h4 b4 41. g3 b3 42. axb3 axb3 43. Ke3 Kb5 44. Kd3 Rf1 45.
Ke2 Rc1 46. Kd3 Rf1 47. Re2 Kb4 48. Rd2 Rc1 49. Ke3 Rc2 50. Kd3 Rxd2+ 51.
Kxd2 Kc4 52. Ke3 f5 53. f3 g5 54. hxg5 hxg5 55. f4 g4 56. Ke2 Kxd4 57. Kd2
Ke4 58. Ke2 d4 59. Kf2 d3 60. Kf1 Kf3 61. Ke1 Kxg3 62. Kd2 Kxf4 63. Kxd3 g3
64. Kc3 g2 65. Kxb3 g1=Q 66. Kc4 Qb6 67. b4 Ke5 68. b5 f4 69. Kb4 Qxb5+ 70.
Kxb5 f3 71. Kc4 f2 72. Kd3 f1=Q+ 73. Kc3 Qf4 74. Kd3 Qd4+ 75. Ke2 Qc3 76.
Kf2 Ke4 77. Ke2 Qc2+ 78. Kf1 Kf3 79. Kg1 Qg2# {White checkmated} 0-1

[Event "ICCopen2017"]
[Site "Internet Chess Club"]
[Date "2017.03.25"]
[Round "7"]
[White "Baltimora"]
[Black "schakeri"]
[Result "1-0"]
[ICCResult "Black forfeits on time"]
[WhiteElo "2227"]
[BlackElo "1794"]
[Opening "QGD: 4.Nf3"]
[ECO "D37"]
[NIC "QP.08"]
[Time "15:16:22"]
[TimeControl "180+0"]

1. d4 d5 2. c4 e6 3. Nf3 Nf6 4. Nc3 Be7 5. Bg5 h6 6. Bh4 O-O 7. Qc2 b6 8.
Bxf6 Bxf6 9. cxd5 exd5 10. e3 Bb7 11. Be2 Nd7 12. Rd1 Rc8 13. O-O c5 14. Qf5
c4 15. Nxd5 Bxd5 16. Qxd5 c3 17. bxc3 Rxc3 18. Rc1 Rxc1 19. Rxc1 Nb8 20.
Qxd8 Rxd8 21. Nd2 Nd7 22. Rc7 a5 23. Ne4 Kf8 24. Bb5 Ke7 25. Kf1 Ke6 26.
Bxd7+ Rxd7 27. Rxd7 Kxd7 28. Ke2 Be7 29. Kd3 Kc6 30. Kc3 b5 31. Ng3 Bf8 32.
Nf1 Kd5 33. f3 f5 34. Nd2 g5 35. e4+ fxe4 36. fxe4+ Kc6 37. Kb3 a4+ 38. Kc3
Bg7 39. Kd3 Kd6 40. Nb1 Kc6 41. Nc3 Bh8 42. e5 Bg7 43. Ke4 Bh8 44. d5+ Kc5
45. d6 Kc6 46. Nxb5 Kxb5 47. d7 {Black forfeits on time} 1-0

[Event "ICCopen2017"]
[Site "Internet Chess Club"]
[Date "2017.03.25"]
[Round "7"]
[White "ResignAlready"]
[Black "charlestehace"]
[Result "0-1"]
[ICCResult "White resigns"]
[WhiteElo "1844"]
[BlackElo "3053"]
[Opening "Ruy Lopez: closed, Pilnik variation"]
[ECO "C77"]
[NIC "RL.12"]
[Time "15:16:24"]
[TimeControl "180+0"]

1. e4 e5 2. Nf3 Nc6 3. Bb5 a6 4. Ba4 Nf6 5. d3 b5 6. Bb3 Be7 7. c3 d6 8. O-O
O-O 9. Re1 Na5 10. Bc2 c5 11. a4 Bb7 12. Nbd2 Re8 13. Nf1 Bf8 14. Ng3 Qc7
15. Nh4 d5 16. Qf3 dxe4 17. dxe4 c4 18. Bg5 Re6 19. Nhf5 Rae8 20. axb5 axb5
21. Nh6+ Kh8 22. Nxf7+ Qxf7 23. Rxa5 Bc6 24. Nf5 Qg6 25. Be3 Ng4 26. Ra7
Nxe3 27. Qxe3 Rf6 28. Rc7 b4 29. cxb4 Rxf5 30. Rxc6 Qxc6 31. exf5 Bxb4 32.
g3 Bxe1 33. Qxe1 e4 34. Qe3 Qf6 35. Qf4 Qxb2 36. Bxe4 Qd4 37. f6 gxf6 38.
Qf5 Rxe4 39. Qc8+ Kg7 40. Qc7+ Kf8 41. Qb8+ Re8 42. Qc7 Re7 {White resigns}
0-1

[Event "ICCopen2017"]
[Site "Internet Chess Club"]
[Date "2017.03.25"]
[Round "7"]
[White "iliketal"]
[Black "arshavin2015"]
[Result "1-0"]
[ICCResult "Black resigns"]
[WhiteElo "1692"]
[BlackElo "1997"]
[Opening "Anderssen's opening"]
[ECO "A00"]
[NIC "VO.14"]
[Time "15:16:43"]
[TimeControl "180+0"]

1. a3 g6 2. Nf3 Bg7 3. e3 c5 4. Be2 Nf6 5. O-O O-O 6. d3 b6 7. Nbd2 Bb7 8.
Re1 d5 9. Bf1 Nbd7 10. e4 e6 11. Qe2 Qc7 12. g3 Rac8 13. Bg2 Rfe8 14. h3 Ba6
15. e5 Nh5 16. Nf1 f5 17. g4 fxg4 18. hxg4 Nhf6 19. exf6 Nxf6 20. Ne5 Bb7
21. Ng3 Rcd8 22. g5 Nd7 23. Bf4 Qc8 24. Nxd7 Rxd7 25. Be5 Rf7 26. Bxg7 Rxg7
27. Qe5 Rf7 28. Re2 Bc6 29. Rae1 Qb7 30. Bh3 Rfe7 31. Qf6 Rf8 32. Bxe6+ Rxe6
33. Qxe6+ Qf7 34. Qxf7+ Rxf7 35. Re7 Kf8 36. Rxf7+ Kxf7 37. Re5 a5 38. Ne2
a4 39. d4 c4 40. c3 b5 41. Nf4 Kf8 42. Nxd5 Bxd5 43. Rxd5 Kf7 44. Rxb5 h6
45. gxh6 g5 46. Rb4 Kg6 47. Rxa4 Kxh6 48. Rxc4 g4 49. a4 g3 50. fxg3
{Black resigns}
1-0

[Event "ICCopen2017"]
[Site "Internet Chess Club"]
[Date "2017.03.25"]
[Round "7"]
[White "bspurt"]
[Black "chigato"]
[Result "1-0"]
[ICCResult "Black resigns"]
[WhiteElo "2088"]
[BlackElo "1720"]
[Opening "Philidor's defense"]
[ECO "C41"]
[NIC "KP.08"]
[Time "15:17:21"]
[TimeControl "180+0"]

1. e4 e5 2. Nf3 d6 3. d4 Qe7 4. Nc3 c6 5. Be3 Bg4 6. dxe5 dxe5 7. h3 Bxf3 8.
Qxf3 f6 9. O-O-O Nd7 10. Bc4 O-O-O 11. Bxa7 Kc7 12. Be3 Ra8 13. Kb1 b5 14.
Bb3 Qb4 15. Qg4 Rd8 16. Rd2 Nh6 17. Bxh6 gxh6 18. Rhd1 Qe7 19. Be6 f5 20.
Qxf5 Qg5 21. Rxd7+ Rxd7 22. Rxd7+ Kb6 23. Qxg5 hxg5 24. Bf5 h6 25. Rd8 Rg8
26. Be6 Rh8 27. Ne2 Kc7 28. Ra8 Kb7 29. Re8 Bg7 30. Rxh8 Bxh8 31. Ng3 c5 32.
Bg4 Kc6 33. Nf5 c4 34. Nxh6 {Black resigns} 1-0

[Event "ICCopen2017"]
[Site "Internet Chess Club"]
[Date "2017.03.25"]
[Round "7"]
[White "WhiteMoon"]
[Black "Chigorinetz"]
[Result "1-0"]
[ICCResult "Black checkmated"]
[WhiteElo "2022"]
[BlackElo "1790"]
[Opening "Queen's pawn game, Chigorin variation"]
[ECO "D02"]
[NIC "QP.08"]
[Time "15:16:27"]
[TimeControl "180+0"]

1. d4 d5 2. Nf3 Nc6 3. c4 Bg4 4. Nc3 e6 5. Bg5 Be7 6. Bxe7 Ngxe7 7. e3 O-O
8. h3 Bh5 9. Be2 a6 10. Rc1 dxc4 11. Bxc4 e5 12. d5 Bxf3 13. Qxf3 Nb8 14.
O-O Nd7 15. e4 Nc8 16. Qg3 Nd6 17. Bb3 Qf6 18. f4 exf4 19. Rxf4 Qe5 20. Qf3
Rae8 21. Rf1 Re7 22. Bc2 Qg5 23. Rg4 Qh6 24. Qg3 Ne5 25. Rgf4 Rfe8 26. Qf2
Ng6 27. Rg4 Re5 28. Qg3 R8e7 29. Rf3 Qc1+ 30. Bd1 Qxb2 31. h4 Qc1 32. Kh2 h5
33. Rxg6 fxg6 34. Qxg6 Nxe4 35. d6 cxd6 36. Bb3+ d5 37. Nxd5 R7e6 38. Ne7+
Kh8 39. Rf8# {Black checkmated} 1-0